 Dungeon Crawl Stone Soup version 0.27-a0-249-g74f53ef629 (webtiles) character file.

Game seed: 499932445978121571

3197 Stevanos the Destroyer (level 9, -12/45 HPs)
             Began as a Deep Elf Conjurer on Feb 3, 2021.
             Was an Initiate of Sif Muna.
             Mangled by Harold
             ... wielding a +1 halberd of protection
              (18 damage)
             ... on level 8 of the Dungeon.
             The game lasted 00:28:48 (10871 turns).

Stevanos the Destroyer (Deep Elf Conjurer)         Turns: 10871, Time: 00:28:48

Health: -12/45     AC:  9    Str:  4    XL:     9   Next: 64%
Magic:  19/25      EV: 13    Int: 27    God:    Sif Muna [......]
Gold:   279        SH:  0    Dex: 13    Spells: 15/29 levels left

rFire    . . .     SeeInvis .   (no weapon)
rCold    . . .     Faith    .   (no shield)
rNeg     . . .     Spirit   .   a - +0 robe
rPois    .         Reflect  .   (no helmet)
rElec    .         Harm     .   (no cloak)
rCorr    .         Rampage  .   g - +2 pair of gloves
Will     .....                  (no boots)
Stlth    ++........             (no amulet)
HPRegen  0.15/turn              (no ring)
MPRegen  0.19/turn              s - +4 ring of protection

@: marked
A: no striking features
a: Renounce Religion


You were on level 8 of the Dungeon.
You worshipped Sif Muna.
Sif Muna was noncommittal.
You visited 2 branches of the dungeon, and saw 9 of its levels.

You collected 279 gold pieces.

Inventory:

Armour
 a - a +0 robe (worn)
 g - a +2 pair of gloves (worn)
Jewellery
 s - a +4 ring of protection (right hand)
Wands
 e - a wand of iceblast (4)
Scrolls
 b - 2 scrolls of magic mapping {unknown}
 d - 2 scrolls of enchant armour {unknown}
 h - 3 scrolls of remove curse
 i - 6 scrolls of identify
 l - a scroll of teleportation
 n - 3 scrolls of enchant weapon
Potions
 f - a potion of heal wounds
 j - 4 potions of curing
 k - a potion of berserk rage
 m - a potion of resistance
 q - a potion of lignification
 r - 3 potions of brilliance


   Skills:
 - Level 2.4 Dodging
 - Level 2.4 Stealth
 + Level 10.6 Spellcasting
 * Level 12.3 Conjurations
 + Level 1.2 Translocations
 + Level 1.4 Earth Magic


You had 15 spell levels left.
You knew the following spells:

 Your Spells              Type           Power        Failure   Level
a - Magic Dart            Conj           100%         1%          1
b - Searing Ray           Conj           100%         1%          2
c - Iskenderun's Mystic   Conj/Tloc      50%          2%          4
d - Stone Arrow           Conj/Erth      100%         1%          3
e - Fulminant Prism       Conj/Hex       23%          3%          4

Your spell library contained the following spells:

 Spells                   Type           Power        Failure   Level
 Dazzling Flash           Conj/Hex       94%          1%          3
 Sandblast                Erth           44%          2%          1
 Passwall                 Tmut/Erth      15%          4%          2
 Irradiate                Conj/Tmut      23%          9%          5
 Petrify                  Tmut/Erth      18%          30%         4
 Lee's Rapid Deconstruct  Erth           11%          54%         5
 Hydra Form               Tmut           7%           99%         6
 Statue Form              Tmut/Erth      12%          99%         6
 Dragon Form              Tmut           7%           100%        7


Dungeon Overview and Level Annotations

Branches:
Dungeon (8/15)             Temple (1/1) D:7
   Lair: D:8-11

Altars:
Ashenzari
Cheibriados
Dithmenos
Elyvilon
Fedhas
Gozag
Hepliaklqana
Kikubaaqudgha
Makhleb
Nemelex Xobeh
Okawaru
Qazlal
Ru
Sif Muna
Trog
Uskayaw
Vehumet
Wu Jian
Xom
Yredelemnul
Zin
The Shining One

Shops:
D:5 *?=}[   D:8 =

Annotations:
D:3 2 transporters, Stevanos's ghost, amateur DECj
D:8 3 runed translucent doors, Harold


Message History

Aiming: Magic Dart (safe; 1% risk of failure)
Press: ? - help, Shift-Dir - straight line, f - Harold
Aim: Harold, wielding a +1 halberd of protection, wearing a +0 scale mail and wearing a cursed -4 ring of slaying (0% to evade)
The magic dart hits Harold but does no damage.
Your fulminant prism crackles loudly.
Casting: Magic Dart (safe; 1% risk of failure)
Confirm with . or Enter, or press ? or * to list all spells.
Aiming: Magic Dart (safe; 1% risk of failure)
Press: ? - help, Shift-Dir - straight line, f/p - Harold
Aim: Harold, wielding a +1 halberd of protection, wearing a +0 scale mail and wearing a cursed -4 ring of slaying (0% to evade)
The magic dart hits Harold but does no damage.
Harold fires a harpoon shot at you. The harpoon shot hits you!
You are yanked forward by the harpoon shot.
Your fulminant prism explodes!
The blast of energy engulfs you!!
Ouch! That really hurt!
* * * LOW HITPOINT WARNING * * *
Harold hits you from afar with a +1 halberd of protection!!
You die...

#...# ##...###........ ###
######...## #..#....##########
.......##.###.####..#.....#..♣♣♣♣
#.....###..#..# #.##.....'...P.♣
#....###......####.##.....#......
.....##..###...##..####'###.(....
###....### #.......###...##♣♣♣...
# ###.## ##.......###'###♣♣(... #
#..# ##....@##.#[....#≈≈.... #
##.####..>...##.'.....#≈≈.... #
##.<...#....@####.....#≈≈≈♣♣♣
#####..##..#......# ###########
..##..####.#...##.# ##...##
#.....##.## ##..# #....#....#
#(.#####.........##
#...##...#........#


You could see Harold.

Vanquished Creatures
  Maggie (D:6)
  Grinder (D:4)
  Edmund (D:6)
  Duvessa (D:4)
  2 orc warriors
  A black bear (D:8)
  A sky beast (D:6)
  3 ogres
  2 centaurs
  4 phantoms
  3 bullfrogs
  Dowan (D:4)
  A water moccasin skeleton (D:5)
  3 wights (D:7)
  A quasit (D:8)
  A bullfrog skeleton (D:7)
  A hound (D:8)
  2 orc priests
  4 iguanas
  3 jellies
  Terence (D:3)
  7 orc wizards
  Natasha (D:4)
  4 worker ants
  2 hound skeletons
  A worker ant zombie (D:6)
  8 gnolls
  A howler monkey skeleton (D:7)
  5 adders
  2 shadow imps
  An ufetubus (D:5)
  2 oozes
  An adder zombie (D:8)
  An adder skeleton (D:6)
  4 worms
  3 dart slugs
  6 leopard geckos
  29 orcs
  7 bats
  5 giant cockroaches
  8 goblins
  7 hobgoblins
  5 jackals
  4 quokkas
  4 frilled lizards
  A jackal skeleton (D:5)
  3 kobolds
  2 leopard gecko skeletons (D:5)
  10 rats
172 creatures vanquished.

Vanquished Creatures (others)
  A fulminant prism (D:8)
  49 plants
50 creatures vanquished.

Grand Total: 222 creatures vanquished

Notes
Turn   | Place    | Note
-------+----------+-------------------------------------------
     0 | D:1      | Stevanos the Deep Elf Conjurer began the quest for the Orb.
     0 | D:1      | Reached XP level 1. HP: 10/10 MP: 6/6
   158 | D:1      | Reached XP level 2. HP: 15/15 MP: 2/8
   164 | D:1      | Learned a level 2 spell: Searing Ray
   282 | D:1      | Reached skill level 5 in Conjurations
   606 | D:1      | Reached XP level 3. HP: 19/19 MP: 5/9
  1917 | D:2      | Reached XP level 4. HP: 24/24 MP: 8/11
  2346 | D:3      | Noticed Terence
  2349 | D:3      | Killed Terence
  2350 | D:3      | Reached skill level 6 in Conjurations
  2434 | D:3      | Found a faded altar of an unknown god.
  2475 | D:3      | Found a transporter.
  2505 | D:3      | Found a transporter.
  2505 | D:3      | Noticed Stevanos's ghost (amateur DECj)
  3116 | D:3      | Reached XP level 5. HP: 28/28 MP: 7/13
  3195 | D:3      | Found a shadowy altar of Dithmenos.
  3382 | D:2      | Reached skill level 7 in Conjurations
  3645 | D:4      | Reached skill level 5 in Spellcasting
  3690 | D:4      | Noticed Grinder
  3698 | D:4      | Killed Grinder
  3699 | D:4      | Reached XP level 6. HP: 24/32 MP: 9/16
  3813 | D:4      | Reached skill level 8 in Conjurations
  3899 | D:4      | Reached XP level 7. HP: 35/36 MP: 10/18
  4138 | D:4      | Noticed Natasha
  4140 | D:4      | Killed Natasha
  4173 | D:4      | Noticed Duvessa
  4177 | D:4      | Noticed Dowan
  4178 | D:4      | Killed Duvessa
  4179 | D:4      | Reached skill level 9 in Conjurations
  4187 | D:4      | Killed Dowan
  5086 | D:5      | Entered Level 5 of the Dungeon
  5125 | D:5      | Found Ijomez's Jewellery Shop.
  5135 | D:5      | Reached XP level 8. HP: 41/41 MP: 13/21
  5219 | D:5      | Found Xupsumm's Armour Boutique.
  5287 | D:5      | Found Ipueb's Gadget Boutique.
  5355 | D:5      | Found Tyca's Magic Scroll Shoppe.
  5526 | D:5      | Reached skill level 10 in Conjurations
  5532 | D:5      | Found Enoec's Assorted Antiques.
  5538 | D:5      | Learned a level 4 spell: Iskenderun's Mystic Blast
  6428 | D:6      | Noticed Edmund
  6604 | D:6      | Found a white marble altar of Elyvilon.
  6756 | D:6      | Reached skill level 11 in Conjurations
  6827 | D:6      | Killed Edmund
  7013 | D:6      | Reached XP level 9. HP: 45/45 MP: 18/24
  7074 | D:6      | Noticed Maggie
  7427 | D:6      | Killed Maggie
  7781 | D:7      | Found a staircase to the Ecumenical Temple.
  7788 | Temple   | Entered the Ecumenical Temple
  7880 | Temple   | Became a worshipper of Sif Muna the Loreminder
  8193 | D:7      | Learned a level 3 spell: Stone Arrow
  8195 | D:7      | Reached skill level 10 in Spellcasting
  8508 | D:7      | Found a hazy altar of Hepliaklqana.
  8990 | D:8      | Noticed Harold
  9002 | D:8      | Reached skill level 12 in Conjurations
  9702 | D:8      | Found Zosk's Jewellery Shop.
  9985 | D:8      | Reached skill level 1 in Translocations
 10217 | D:8      | Reached skill level 1 in Earth Magic
 10370 | D:8      | Found a runed translucent door.
 10370 | D:8      | Noticed a kobold demonologist
 10374 | D:8      | Found a runed translucent door.
 10374 | D:8      | Found a runed translucent door.
 10375 | D:8      | Noticed a rime drake
 10375 | D:8      | a spriggan changed into a rime drake
 10809 | D:8      | Learned a level 4 spell: Fulminant Prism
 10871 | D:8      | Mangled by Harold

Illustrated notes

Levels and vault maps discovered:
D:1:      dpeg_arrival_houses_and_road, layout_basic, st_stairs_9,
          grunt_decor_one_mirror
D:2:      layout_loops_corners, minmay_pentomino_x4
D:3:      layout_loops_cross, chequers_ecumenical_altar_simple,
          gammafunk_ghost_arena, grunt_dithmenos_smoke_and_mirrors, uniq_terence
D:4:      layout_loops_cross, serial_bayou, serial_bayou_lagoon_a,
          serial_bayou_crossing, serial_bayou_shore_a, serial_bayou_pond_e,
          serial_bayou_pond_e, uniq_grinder, uniq_duvessa, uniq_natasha
D:5:      layout_basic, serial_shops, shop, shop, kennysheep_mini_moat,
          shop_statue, shop_fountains
D:6:      layout_rooms, elyvilon_altar_1, uniq_edmund, uniq_maggie
D:7:      layout_basic, nzn_hepliaklqana_mist_gate, minmay_temple_entry_trees
D:8:      minmay_the_grid_triangle_9x9_rhombus_thin
          [minmay_the_grid_triangle_9x9_impossible_snake,
          minmay_the_grid_triangle_9x9_prize_top_heavy,
          minmay_the_grid_triangle_9x9_limited_checkers,
          minmay_the_grid_triangle_9x9_fully_insulated_deathbox],
          layout_layer_cave, serial_shops, kennysheep_mini,
          nicolae_zen_rock_garden, uniq_harold
Temple:   regret_index_temple_sigil_plot

Skill      XL: |  1  2  3  4  5  6  7  8  9 |
---------------+----------------------------+-----
Conjurations   | 5 6 7 8 9 11 12 | 12.3
Spellcasting   | 4 5 6 7 9 10 | 10.6
Translocations | 1 |  1.2
Earth Magic    | 1 |  1.4
Dodging        | |  2.4
Stealth        | |  2.4

Action                   |  1- 3 |  4- 6 |  7- 9 || total
-------------------------+-------+-------+-------++-------
Melee: Unarmed           |       |       |     1 ||     1
 Cast: Magic Dart        |    65 |    76 |   186 ||   327
       Searing Ray       |     2 |    13 |    36 ||    51
       Iskenderun's Myst |       |       |    20 ||    20
       Stone Arrow       |       |       |    31 ||    31
       Fulminant Prism   |       |       |     1 ||     1
  Use: Scroll            |       |       |    18 ||    18
       Potion            |       |       |     9 ||     9
Armor: Robe              |     1 |     5 |    11 ||    17
Dodge: Dodged            |     5 |    12 |    28 ||    45

Table legend: (Time is in decaauts)
 A = Elapsed time spent in this place.
 B = Non-inter-level travel time spent in this place.
 C = Inter-level travel time spent in this place.
 D = Time resting spent in this place.
 E = Time spent auto-exploring this place.
 F = Levels seen in this place.
 G = Mean time per level.
                   A        B        C        D        E       F      G
               +--------+--------+--------+--------+--------+-----+--------+
         Total |  10924 |  10630 |    294 |      0 |   9381 |   9 | 1213.8 |
       Dungeon |  10798 |  10536 |    262 |      0 |   9293 |   8 | 1349.8 |
        Temple |    125 |     93 |     32 |      0 |     88 |   1 |  125.0 |
               +--------+--------+--------+--------+--------+-----+--------+

Top non-repeatable levels by time:
     D:8: 1684 daAuts
     D:7: 1551 daAuts
     D:4: 1497 daAuts
     D:6: 1341 daAuts
     D:1: 1268 daAuts
     D:2: 1217 daAuts
     D:3: 1146 daAuts
     D:5: 1091 daAuts
  Temple: 125 daAuts
